ARIZONA Coyotes vs DETROIT Red Wings

Created - 4 avril 2024 at 16:56

Goals
1 2 3 OT1 SO T
ARIZONA Coyotes 1 2 1 0 1 5
DETROIT Red Wings 0 2 2 0 0 4
Shots
1 2 3 OT1 SO T
ARIZONA Coyotes 3 13 9 2 3 27
DETROIT Red Wings 12 10 15 1 3 38

1st period

1. ARIZONA Coyotes , Scott Mayfield 11 (Vladislav Gavrikov 27, Auston Matthews 57) at 1:40 (PP)

Penalties :
Travis Boyd (DET) for Cross-checking (Minor) at 1:21, Rickard Rakell (ARI) for Tripping (Minor) at 2:05, Vladislav Gavrikov (ARI) for Hooking (Minor) at 11:59, Alex Ovechkin (DET) for Tripping (Minor) at 19:07

2nd period

2. ARIZONA Coyotes , Sam Reinhart 30 (Roman Josi 60, Ryan Nugent-Hopkins 41) at 0:14 (PP)
3. ARIZONA Coyotes , Scott Mayfield 12 (Auston Matthews 58) at 2:55 (PP)
4. DETROIT Red Wings , Zach Hyman 28 (Colton Parayko 51, Sidney Crosby 53) at 17:34 (PP)
5. DETROIT Red Wings , Travis Boyd 9 (Shayne Gostisbehere 40, Kevin Hayes 9) at 17:44

Penalties :
Alex Ovechkin (DET) for Interference (Minor) at 2:53, Ryan Nugent-Hopkins (ARI) for Hooking (Minor) at 4:00, Travis Boyd (DET) for Tripping (Minor) at 13:04, Ryan Hartman (ARI) for Tripping (Minor) at 17:06

3rd period

6. DETROIT Red Wings , Corey Perry 19 (Kevin Hayes 10) at 3:51
7. ARIZONA Coyotes , Vladislav Gavrikov 10 (Sam Reinhart 41, Auston Matthews 59) at 5:52 (PP)
8. DETROIT Red Wings , Sidney Crosby 41 (Bryan Rust 35, Zach Hyman 53) at 17:34 (PP)

Penalties :
Colton Parayko (DET) for Hooking (Minor) at 0:47, Alex Ovechkin (DET) for Roughing (Minor) at 4:45, Andrei Vasilevskiy (ARI) for Slashing (Minor) at 15:44 - Ryan Hartman served the penalty.

Overtime #1

No Goal

Penalties :
No Penalty

Shootout

ARIZONA Coyotes, Auston Matthews - Stopped by John Gibson
DETROIT Red Wings, Sidney Crosby - Stopped by Andrei Vasilevskiy
ARIZONA Coyotes, Ryan Nugent-Hopkins - Shot Misses the Net
DETROIT Red Wings, Alex Ovechkin - Shot Misses the Net
ARIZONA Coyotes, Mark Scheifele - Goal!
DETROIT Red Wings, Zach Hyman - Stopped by Andrei Vasilevskiy

Penalties :
No Penalty

Goalie Stats

Andrei Vasilevskiy (ARI), 34 saves from 38 shots - (0,895), W, 46-14-7, 65:00 minutes
John Gibson (DET), 23 saves from 27 shots - (0,852), OTL, 34-23-8, 65:00 minutes

Players Stats for ARIZONA Coyotes

Player Name              G  A  P  +/- PIM S  H  SB GA TA FO     MP     PP MP  PK MP  
------------------------------------------------------------------------------------
Alec Martinez            0  0  0   0  0   0  1  2  0  0  0/0    21:40   0:00   4:53 
Artemi Panarin           0  0  0   0  0   0  1  0  0  0  2/2    22:59   3:12   0:07 
Auston Matthews          0  3  3   0  0   4  1  1  0  0  15/29  23:43   3:12   0:04 
Brandon Sutter           0  0  0   0  0   1  0  0  0  0  11/16  10:26   0:00   6:03 
Frederick Gaudreau       0  0  0  -2  0   0  1  0  0  0  7/13   11:41   0:00   3:36 
Jonas Siegenthaler       0  0  0   0  0   0  0  3  0  0  0/0    19:45   0:00   4:56 
Mark Scheifele           0  0  0   0  0   0  0  0  0  0  12/22  18:40   3:21   0:00 
Michael Bunting          0  0  0  -2  0   0  1  0  0  0  1/1     7:48   0:00   0:00 
Mikey Anderson           0  0  0  -2  0   0  0  0  0  0  0/0    10:56   0:00   0:00 
Nick Bonino              0  0  0   0  0   0  0  0  0  0  0/1     4:57   0:00   0:34 
Pierre-Edouard Bellemare 0  0  0   0  0   2  1  0  0  0  1/1     6:21   0:00   0:00 
Rickard Rakell           0  0  0  -2  2   5  2  0  0  0  1/5    15:48   3:21   1:55 
Roman Josi               0  1  1   0  0   2  2  0  0  0  0/0    23:08   3:24   0:00 
Ryan Hartman             0  0  0   0  2   0  2  0  0  0  0/1    18:56   3:21   0:00 
Ryan Nugent-Hopkins      0  1  1   0  2   4  2  1  0  0  0/0    23:42   4:13   4:11 
Sam Reinhart             1  1  2   0  0   3  0  1  0  0  0/1    20:54   3:12   0:00 
Scott Mayfield           2  0  2  -2  0   4  2  2  0  0  0/0    20:57   3:09   4:07 
Vladislav Gavrikov       1  1  2   0  2   2  3  0  0  0  0/0    24:20   2:20   2:34 

Players Stats for DETROIT Red Wings

Player Name              G  A  P  +/- PIM S  H  SB GA TA FO     MP     PP MP  PK MP  
------------------------------------------------------------------------------------
Alex Ovechkin            0  0  0   0  6   5  2  0  0  0  1/3    22:55   3:52   0:52 
Bryan Rust               0  1  1   0  0   3  3  0  0  0  0/2    20:57   4:23   0:00 
Colton Parayko           0  1  1   0  2   2  1  0  0  0  0/0    23:54   5:33   1:40 
Corey Perry              1  0  1   2  0   2  1  0  0  0  0/0     7:32   0:00   0:00 
Danton Heinen            0  0  0   0  0   1  0  0  0  0  1/2     7:52   0:00   0:00 
Jeff Petry               0  0  0   1  0   2  0  1  0  0  0/0    16:18   2:42   0:46 
Josh Anderson            0  0  0   0  0   0  1  1  0  0  2/2    19:17   3:52   0:00 
Kevin Hayes              0  2  2   2  0   1  0  0  0  0  11/21  11:46   0:00   3:46 
Luke Glendening          0  0  0   0  0   0  0  0  0  0  4/5    10:48   0:00   2:40 
Nikita Zadorov           0  0  0   1  0   2  0  2  0  0  0/0    22:30   0:00   4:01 
Ryan O'Reilly            0  0  0   0  0   2  0  0  0  0  4/20   19:17   3:52   0:00 
Seth Jones               0  0  0   0  0   3  4  1  0  0  0/0    27:36   5:33   3:10 
Shayne Gostisbehere      0  1  1   1  0   4  0  0  0  0  0/0    18:36   2:42   0:14 
Sidney Crosby            1  1  2   0  0   3  2  0  0  0  15/31  23:09   4:23   0:07 
T.J. Brodie              0  0  0   1  0   0  1  0  0  0  0/0    16:05   0:00   3:15 
Travis Boyd              1  0  1   2  4   2  0  1  0  0  2/2     9:49   0:00   2:19 
Trevor Lewis             0  0  0   0  0   1  0  0  0  0  2/3     9:06   0:00   3:22 
Zach Hyman               1  1  2   0  0   5  5  3  0  0  0/1    20:54   4:23   0:00 

3 Stars

1 - Zach Hyman (DET)
2 - Scott Mayfield (ARI)
3 - Auston Matthews (ARI)

Power Play

ARIZONA Coyotes - 4 on 6 Attempt(s) - 66,67%
DETROIT Red Wings - 2 on 5 Attempt(s) - 40,00%

Penalty Kill

ARIZONA Coyotes - 3 on 5 Attempt(s) - 60,00% - Score 0 goal in Penalty Kill
DETROIT Red Wings - 2 on 6 Attempt(s) - 33,33% - Score 0 goal in Penalty Kill

Team Stat

ARIZONA Coyotes - Hits : 19 - Faceoff Wins : 50 - Blocked Shots : 10 - Penalty Minutes : 10
DETROIT Red Wings - Hits : 20 - Faceoff Wins : 42 - Blocked Shots : 9 - Penalty Minutes : 12

Official

Referees : Bill Hetherington and Tom Chmielewski
Linesman : Anna Hammar and Owen Gidlow

Game Notes

No Game Note

Finance

Level 1 -- Attendance: 5171 (86,18%) -- Ticket Income $511,929
Level 2 -- Attendance: 4363 (87,26%) -- Ticket Income $257,417
Level 3 -- Attendance: 1801 (90,05%) -- Ticket Income $66,637
Level 4 -- Attendance: 4000 (100,00%) -- Ticket Income $60,000
Luxury Box -- Attendance: 760 (76,00%) -- Ticket Income $158,080
Game was played at the Joe Louis Arena.
Total Attendance: 16095 (89,42%)
Total Ticket Income: $1,054,063
Other Income: $263,516
Total Income: $1,317,579

ARIZONA Coyotes

5 vs 5 Forward 
   Center                   Left Wing                Right Wing               Time % Phy DF OF 
 1 Auston Matthews          Artemi Panarin           Sam Reinhart             52     1   1  3  
 2 Mark Scheifele           Ryan Nugent-Hopkins      Ryan Hartman             40     1   1  3  
 3 Frederick Gaudreau       Michael Bunting          Rickard Rakell           8      1   2  2  
 4 Brandon Sutter           Nick Bonino              Pierre-Edouard Bellemare 0      1   3  1  

5 vs 5 Defense 
   Defense                  Defense                                           Time % Phy DF OF 
 1 Roman Josi               Vladislav Gavrikov                                50     1   2  2  
 2 Alec Martinez            Jonas Siegenthaler                                30     1   2  2  
 3 Scott Mayfield           Mikey Anderson                                    20     1   3  1  
 4 Roman Josi               Scott Mayfield                                    0      1   2  2  

PowerPlay Forward 
   Center                   Left Wing                Right Wing               Time % Phy DF OF 
 1 Auston Matthews          Artemi Panarin           Sam Reinhart             80     0   1  4  
 2 Mark Scheifele           Rickard Rakell           Ryan Hartman             20     1   1  3  

PowerPlay Defense
   Defense                  Defense                                           Time % Phy DF OF 
 1 Roman Josi               Ryan Nugent-Hopkins                               80     0   2  3  
 2 Scott Mayfield           Vladislav Gavrikov                                20     1   1  3  

Penalty Kill 4 Players Forward 
   Center                   Wing                     Time % Phy DF OF 
 1 Brandon Sutter           Ryan Nugent-Hopkins      70     0   4  1  
 2 Frederick Gaudreau       Nick Bonino              30     1   4  0  

Penalty Kill 4 Players Defense
   Defense                  Defense                  Time % Phy DF OF 
 1 Vladislav Gavrikov       Jonas Siegenthaler       69     1   3  1  
 2 Scott Mayfield           Alec Martinez            31     2   3  0  

Penalty Kill - 3 Players Forward 
   Forward                                           Time % Phy DF OF 
 1 Brandon Sutter                                    60     1   4  0  
 2 Frederick Gaudreau                                40     1   3  1  

Penalty Kill - 3 Players Defense
   Defense                  Defense                  Time % Phy DF OF 
 1 Scott Mayfield           Alec Martinez            60     2   3  0  
 2 Scott Mayfield           Jonas Siegenthaler       40     2   3  0  

4 vs 4 Forward 
   Center                   Wing                     Time % Phy DF OF 
 1 Auston Matthews          Artemi Panarin           60     1   2  2  
 2 Mark Scheifele           Ryan Nugent-Hopkins      40     1   2  2  

4 vs 4 Defense
   Defense                  Defense                  Time % Phy DF OF 
 1 Roman Josi               Scott Mayfield           60     1   2  2  
 2 Alec Martinez            Jonas Siegenthaler       40     1   2  2  

Last Minutes Offensive
   Center                   Left Wing                Right Wing               Defense                  Defense                  
   Auston Matthews          Artemi Panarin           Sam Reinhart             Roman Josi               Ryan Nugent-Hopkins      

Last Minutes Defensive
   Center                   Left Wing                Right Wing               Defense                  Defense                  
   Brandon Sutter           Frederick Gaudreau       Pierre-Edouard Bellemare Vladislav Gavrikov       Alec Martinez            

Goaltenders
Starting : Andrei Vasilevskiy       
Backup : Kevin Lankinen           

Extra Forwards
Normal : Michael Bunting, Artemi Panarin, Frederick Gaudreau - PP : Michael Bunting, Artemi Panarin - PK : Frederick Gaudreau
Extra Defensemen
Normal : Mikey Anderson, Vladislav Gavrikov, Alec Martinez - PP : Mikey Anderson - PK : Vladislav Gavrikov, Alec Martinez
Penalty Shots
Auston Matthews, Ryan Nugent-Hopkins, Mark Scheifele, Sam Reinhart, Rickard Rakell

Scratches
Morgan Frost (Healthy)

DETROIT Red Wings

5 vs 5 Forward 
   Center                   Left Wing                Right Wing               Time % Phy DF OF 
 1 Sidney Crosby            Bryan Rust               Zach Hyman               38     0   2  3  
 2 Ryan O'Reilly            Alex Ovechkin            Josh Anderson            36     0   2  3  
 3 Kevin Hayes              Corey Perry              Travis Boyd              16     0   3  2  
 4 Luke Glendening          Danton Heinen            Trevor Lewis             10     0   4  1  

5 vs 5 Defense 
   Defense                  Defense                                           Time % Phy DF OF 
 1 Seth Jones               Colton Parayko                                    35     1   2  2  
 2 Shayne Gostisbehere      Nikita Zadorov                                    34     1   2  2  
 3 Jeff Petry               T.J. Brodie                                       25     1   3  1  
 4 Seth Jones               Colton Parayko                                    6      1   2  2  

PowerPlay Forward 
   Center                   Left Wing                Right Wing               Time % Phy DF OF 
 1 Sidney Crosby            Bryan Rust               Zach Hyman               50     0   1  4  
 2 Ryan O'Reilly            Alex Ovechkin            Josh Anderson            50     0   1  4  

PowerPlay Defense
   Defense                  Defense                                           Time % Phy DF OF 
 1 Seth Jones               Colton Parayko                                    60     0   1  4  
 2 Shayne Gostisbehere      Jeff Petry                                        40     0   1  4  

Penalty Kill 4 Players Forward 
   Center                   Wing                     Time % Phy DF OF 
 1 Kevin Hayes              Travis Boyd              60     1   4  0  
 2 Luke Glendening          Trevor Lewis             40     1   4  0  

Penalty Kill 4 Players Defense
   Defense                  Defense                  Time % Phy DF OF 
 1 Nikita Zadorov           T.J. Brodie              60     1   4  0  
 2 Seth Jones               Colton Parayko           40     1   4  0  

Penalty Kill - 3 Players Forward 
   Forward                                           Time % Phy DF OF 
 1 Ryan O'Reilly                                     60     0   4  1  
 2 Luke Glendening                                   40     0   4  1  

Penalty Kill - 3 Players Defense
   Defense                  Defense                  Time % Phy DF OF 
 1 Nikita Zadorov           T.J. Brodie              60     0   4  1  
 2 Seth Jones               Colton Parayko           40     0   4  1  

4 vs 4 Forward 
   Center                   Wing                     Time % Phy DF OF 
 1 Sidney Crosby            Zach Hyman               60     0   2  3  
 2 Ryan O'Reilly            Alex Ovechkin            40     0   2  3  

4 vs 4 Defense
   Defense                  Defense                  Time % Phy DF OF 
 1 Seth Jones               Colton Parayko           60     0   2  3  
 2 Shayne Gostisbehere      Jeff Petry               40     0   2  3  

Last Minutes Offensive
   Center                   Left Wing                Right Wing               Defense                  Defense                  
   Sidney Crosby            Alex Ovechkin            Zach Hyman               Seth Jones               Colton Parayko           

Last Minutes Defensive
   Center                   Left Wing                Right Wing               Defense                  Defense                  
   Sidney Crosby            Alex Ovechkin            Zach Hyman               Seth Jones               Colton Parayko           

Goaltenders
Starting : John Gibson              
Backup : Calvin Pickard           

Extra Forwards
Normal : Corey Perry, Kevin Hayes, Trevor Lewis - PP : Corey Perry, Kevin Hayes - PK : Trevor Lewis
Extra Defensemen
Normal : Shayne Gostisbehere, Nikita Zadorov, Jeff Petry - PP : Shayne Gostisbehere - PK : T.J. Brodie, Jeff Petry
Penalty Shots
Sidney Crosby, Alex Ovechkin, Zach Hyman, Bryan Rust, Ryan O'Reilly

Scratches
Dakota Joshua (Healthy), Josh Archibald (Healthy), Zach Whitecloud (Healthy)

% Time on Ice - ARIZONA Coyotes

Lines # - Real PCT - Wanted PCT - Time Play
Normal Forward
1 - 39% - 52% - 17:42
2 - 34% - 40% - 15:19
3 - 17% - 8% - 7:48
4 - 10% - 0% - 4:23
Normal Defense
1 - 43% - 50% - 19:27
2 - 33% - 30% - 14:49
3 - 24% - 20% - 10:56
4 - 0% - 0% - 0:00
PP Forward
1 - 49% - 80% - 3:12
2 - 51% - 20% - 3:21
PP Defense
1 - 64% - 80% - 4:13
2 - 36% - 20% - 2:20
PK Forward
1 - 93% - 70% - 7:41
2 - 7% - 30% - 0:34
PK Defense
1 - 60% - 69% - 4:56
2 - 40% - 31% - 3:19
PK3 Forward
1 - 0% - 60%
2 - 0% - 40%
PK3 Defense
1 - 0% - 60%
2 - 0% - 40%
44 Forward
1 - 0% - 60%
2 - 0% - 40%
44 Defense
1 - 0% - 60%
2 - 0% - 40%
Last Minute Offensive  - 0:00
Last Minute Defensive  - 0:00
Total
Forward - 60:00
Defense - 60:00

% Time on Ice - DETROIT Red Wings

Lines # - Real PCT - Wanted PCT - Time Play
Normal Forward
1 - 37% - 38% - 16:31
2 - 34% - 36% - 15:25
3 - 17% - 16% - 7:32
4 - 13% - 10% - 5:44
Normal Defense
1 - 35% - 35% - 16:02
2 - 35% - 34% - 15:40
3 - 28% - 25% - 12:50
4 - 1% - 6% - 0:40
PP Forward
1 - 53% - 50% - 4:23
2 - 47% - 50% - 3:52
PP Defense
1 - 67% - 60% - 5:33
2 - 33% - 40% - 2:42
PK Forward
1 - 80% - 60% - 5:15
2 - 20% - 40% - 1:18
PK Defense
1 - 61% - 60% - 4:01
2 - 39% - 40% - 2:32
PK3 Forward
1 - 0% - 60%
2 - 0% - 40%
PK3 Defense
1 - 0% - 60%
2 - 0% - 40%
44 Forward
1 - 0% - 60%
2 - 0% - 40%
44 Defense
1 - 0% - 60%
2 - 0% - 40%
Last Minute Offensive  - 0:00
Last Minute Defensive  - 0:00
Total
Forward - 60:00
Defense - 60:00

Play-by-Play

1st period


0:01 of 1st period - Sidney Crosby wins face-off versus Auston Matthews in neutral zone.
0:04 of 1st period - Shot by Colton Parayko.
0:04 of 1st period - Stopped by Andrei Vasilevskiy without a rebound.
0:05 of 1st period - Ryan O'Reilly wins face-off versus Mark Scheifele in ARIZONA Coyotes zone.
0:14 of 1st period - Shot by Ryan O'Reilly.
0:14 of 1st period - Stopped by Andrei Vasilevskiy with a rebound.
0:16 of 1st period - Shot by Ryan O'Reilly.
0:16 of 1st period - Shot Misses the Net.
1:20 of 1st period - Shot by Zach Hyman.
1:20 of 1st period - Stopped by Andrei Vasilevskiy without a rebound.
1:21 of 1st period - Auston Matthews wins face-off versus Kevin Hayes in ARIZONA Coyotes zone.
1:21 of 1st period - Minor Penalty to Travis Boyd for Cross-checking.
1:22 of 1st period - Auston Matthews wins face-off versus Kevin Hayes in DETROIT Red Wings zone.
1:36 of 1st period - Shot by Auston Matthews.
1:36 of 1st period - Shot Misses the Net.
1:38 of 1st period - Shot by Vladislav Gavrikov.
1:38 of 1st period - Shot Misses the Net.
1:40 of 1st period - Shot by Scott Mayfield.
1:40 of 1st period - Goal by Scott Mayfield - ARIZONA Coyotes : 1 - DETROIT Red Wings : 0.
1:41 of 1st period - Sidney Crosby wins face-off versus Frederick Gaudreau in neutral zone.
1:50 of 1st period - Shot by Zach Hyman.
1:50 of 1st period - Shot Misses the Net.
2:05 of 1st period - Minor Penalty to Rickard Rakell for Tripping.
2:06 of 1st period - Brandon Sutter wins face-off versus Ryan O'Reilly in ARIZONA Coyotes zone.
2:06 of 1st period - Brandon Sutter is hit by Alex Ovechkin.
2:21 of 1st period - Ryan O'Reilly is hit by Scott Mayfield and loses puck.
3:16 of 1st period - Shot by Shayne Gostisbehere.
3:16 of 1st period - Shot Misses the Net.
3:18 of 1st period - Shot by Bryan Rust.
3:18 of 1st period - Stopped by Andrei Vasilevskiy without a rebound.
3:19 of 1st period - Sidney Crosby wins face-off versus Frederick Gaudreau in ARIZONA Coyotes zone.
3:22 of 1st period - Shot by Zach Hyman.
3:22 of 1st period - Shot Blocked by Alec Martinez.
3:24 of 1st period - Shot by Jeff Petry.
3:24 of 1st period - Stopped by Andrei Vasilevskiy with a rebound.
3:26 of 1st period - Shot by Jeff Petry.
3:26 of 1st period - Shot Misses the Net.
3:28 of 1st period - Shot by Shayne Gostisbehere.
3:28 of 1st period - Shot Misses the Net.
3:36 of 1st period - Shot by Shayne Gostisbehere.
3:36 of 1st period - Stopped by Andrei Vasilevskiy without a rebound.
3:37 of 1st period - Brandon Sutter wins face-off versus Ryan O'Reilly in ARIZONA Coyotes zone.
4:28 of 1st period - Shot by Kevin Hayes.
4:28 of 1st period - Stopped by Andrei Vasilevskiy without a rebound.
4:29 of 1st period - Frederick Gaudreau wins face-off versus Sidney Crosby in ARIZONA Coyotes zone.
4:44 of 1st period - Alec Martinez is hit by Zach Hyman and loses puck.
5:12 of 1st period - Shot by Michael Bunting.
5:12 of 1st period - Shot Misses the Net.
5:39 of 1st period - Auston Matthews is hit by Bryan Rust and loses puck.
6:25 of 1st period - Alex Ovechkin is hit by Scott Mayfield and loses puck.
6:43 of 1st period - Jeff Petry is hit by Ryan Nugent-Hopkins and loses puck.
6:54 of 1st period - Shot by Ryan Nugent-Hopkins.
6:54 of 1st period - Shot Misses the Net.
7:16 of 1st period - Shot by Trevor Lewis.
7:16 of 1st period - Shot Misses the Net.
7:18 of 1st period - Shot by Trevor Lewis.
7:18 of 1st period - Deflect By Luke Glendening.
7:18 of 1st period - Shot Blocked by Jonas Siegenthaler.
7:50 of 1st period - Icing by Jonas Siegenthaler.
7:51 of 1st period - Brandon Sutter wins face-off versus Ryan O'Reilly in ARIZONA Coyotes zone.
7:56 of 1st period - Nikita Zadorov is hit by Pierre-Edouard Bellemare and loses puck.
8:29 of 1st period - Off-side.
8:30 of 1st period - Mark Scheifele wins face-off versus Sidney Crosby in neutral zone.
10:22 of 1st period - Icing by Alec Martinez.
10:23 of 1st period - Travis Boyd wins face-off versus Frederick Gaudreau in ARIZONA Coyotes zone.
10:24 of 1st period - Shot by Kevin Hayes.
10:24 of 1st period - Shot Blocked by Alec Martinez.
10:26 of 1st period - Shot by Shayne Gostisbehere.
10:26 of 1st period - Shot Misses the Net.
10:28 of 1st period - Shot by Corey Perry.
10:28 of 1st period - Shot Misses the Net.
10:30 of 1st period - Shot by Corey Perry.
10:30 of 1st period - Stopped by Andrei Vasilevskiy without a rebound.
10:31 of 1st period - Frederick Gaudreau wins face-off versus Kevin Hayes in ARIZONA Coyotes zone.
11:06 of 1st period - Shot by Rickard Rakell.
11:06 of 1st period - Stopped by John Gibson without a rebound.
11:07 of 1st period - Artemi Panarin wins face-off versus Ryan O'Reilly in DETROIT Red Wings zone.
11:48 of 1st period - Shot by Alex Ovechkin.
11:48 of 1st period - Shot Blocked by Scott Mayfield.
11:50 of 1st period - Shot by Nikita Zadorov.
11:50 of 1st period - Stopped by Andrei Vasilevskiy without a rebound.
11:51 of 1st period - Mark Scheifele wins face-off versus Sidney Crosby in ARIZONA Coyotes zone.
11:59 of 1st period - Minor Penalty to Vladislav Gavrikov for Hooking.
12:00 of 1st period - Sidney Crosby wins face-off versus Brandon Sutter in ARIZONA Coyotes zone.
12:01 of 1st period - Shot by Seth Jones.
12:01 of 1st period - Stopped by Andrei Vasilevskiy with a rebound.
12:03 of 1st period - Shot by Seth Jones.
12:03 of 1st period - Stopped by Andrei Vasilevskiy without a rebound.
12:04 of 1st period - Brandon Sutter wins face-off versus Sidney Crosby in ARIZONA Coyotes zone.
12:20 of 1st period - Icing by Colton Parayko.
12:21 of 1st period - Sidney Crosby wins face-off versus Brandon Sutter in DETROIT Red Wings zone.
12:26 of 1st period - Shot by Seth Jones.
12:26 of 1st period - Stopped by Andrei Vasilevskiy without a rebound.
12:27 of 1st period - Brandon Sutter wins face-off versus Ryan O'Reilly in ARIZONA Coyotes zone.
13:22 of 1st period - Icing by Zach Hyman.
13:23 of 1st period - Brandon Sutter wins face-off versus Sidney Crosby in DETROIT Red Wings zone.
13:41 of 1st period - Jonas Siegenthaler is hit by Zach Hyman and loses puck.
14:10 of 1st period - Shot by Auston Matthews.
14:10 of 1st period - Stopped by John Gibson without a rebound.
14:11 of 1st period - Artemi Panarin wins face-off versus Trevor Lewis in DETROIT Red Wings zone.
14:44 of 1st period - Shayne Gostisbehere is hit by Roman Josi and loses puck.
15:27 of 1st period - Ryan Hartman is hit by Seth Jones and loses puck.
15:40 of 1st period - Shot by Sidney Crosby.
15:40 of 1st period - Shot Misses the Net.
16:22 of 1st period - Icing by Mikey Anderson.
16:23 of 1st period - Travis Boyd wins face-off versus Mark Scheifele in ARIZONA Coyotes zone.
16:46 of 1st period - Shot by Travis Boyd.
16:46 of 1st period - Shot Misses the Net.
17:38 of 1st period - Shot by Rickard Rakell.
17:38 of 1st period - Shot Misses the Net.
18:31 of 1st period - Roman Josi is hit by Seth Jones and loses puck.
18:43 of 1st period - Brandon Sutter is hit by Seth Jones and loses puck.
19:05 of 1st period - Seth Jones is hit by Artemi Panarin and loses puck.
19:07 of 1st period - Minor Penalty to Alex Ovechkin for Tripping.
19:08 of 1st period - Luke Glendening wins face-off versus Rickard Rakell in DETROIT Red Wings zone.
19:24 of 1st period - Icing by Ryan Nugent-Hopkins.
19:25 of 1st period - Trevor Lewis wins face-off versus Rickard Rakell in ARIZONA Coyotes zone.
Goals for this period are 1 for ARIZONA Coyotes vs 0 for DETROIT Red Wings.
Shots for this period are 3 for ARIZONA Coyotes vs 12 for DETROIT Red Wings.

2nd period


0:01 of 2nd period - Auston Matthews wins face-off versus Kevin Hayes in neutral zone.
0:10 of 2nd period - Shot by Roman Josi.
0:10 of 2nd period - Shot Blocked by Travis Boyd.
0:12 of 2nd period - Shot by Roman Josi.
0:12 of 2nd period - Stopped by John Gibson with a rebound.
0:14 of 2nd period - Shot by Sam Reinhart.
0:14 of 2nd period - Goal by Sam Reinhart - ARIZONA Coyotes : 2 - DETROIT Red Wings : 0.
0:15 of 2nd period - Sidney Crosby wins face-off versus Mark Scheifele in neutral zone.
0:47 of 2nd period - Ryan Nugent-Hopkins is hit by Seth Jones.
1:19 of 2nd period - Alec Martinez is hit by Alex Ovechkin and loses puck.
1:23 of 2nd period - Icing by Alec Martinez.
1:24 of 2nd period - Auston Matthews wins face-off versus Ryan O'Reilly in ARIZONA Coyotes zone.
1:31 of 2nd period - Off-side.
1:32 of 2nd period - Michael Bunting wins face-off versus Ryan O'Reilly in neutral zone.
1:39 of 2nd period - Shot by Frederick Gaudreau.
1:39 of 2nd period - Deflect By Rickard Rakell.
1:39 of 2nd period - Stopped by John Gibson without a rebound.
1:40 of 2nd period - Auston Matthews wins face-off versus Ryan O'Reilly in DETROIT Red Wings zone.
1:45 of 2nd period - Shot by Sam Reinhart.
1:45 of 2nd period - Stopped by John Gibson without a rebound.
1:46 of 2nd period - Auston Matthews wins face-off versus Alex Ovechkin in DETROIT Red Wings zone.
1:57 of 2nd period - Shot by Alex Ovechkin.
1:57 of 2nd period - Stopped by Andrei Vasilevskiy without a rebound.
1:58 of 2nd period - Mark Scheifele wins face-off versus Sidney Crosby in ARIZONA Coyotes zone.
1:58 of 2nd period - Mark Scheifele is hit by Zach Hyman.
2:01 of 2nd period - Icing by Ryan Nugent-Hopkins.
2:02 of 2nd period - Sidney Crosby wins face-off versus Ryan Hartman in ARIZONA Coyotes zone.
2:13 of 2nd period - Shot by Ryan Nugent-Hopkins.
2:13 of 2nd period - Shot Misses the Net.
2:25 of 2nd period - Alec Martinez is hit by Zach Hyman and loses puck.
2:53 of 2nd period - Minor Penalty to Alex Ovechkin for Interference.
2:54 of 2nd period - Auston Matthews wins face-off versus Kevin Hayes in DETROIT Red Wings zone.
2:55 of 2nd period - Shot by Scott Mayfield.
2:55 of 2nd period - Goal by Scott Mayfield - ARIZONA Coyotes : 3 - DETROIT Red Wings : 0.
2:56 of 2nd period - Auston Matthews wins face-off versus Ryan O'Reilly in neutral zone.
3:52 of 2nd period - Icing by Seth Jones.
3:53 of 2nd period - Mark Scheifele wins face-off versus Ryan O'Reilly in DETROIT Red Wings zone.
3:54 of 2nd period - Shot by Ryan Nugent-Hopkins.
3:54 of 2nd period - Stopped by John Gibson without a rebound.
3:55 of 2nd period - Sidney Crosby wins face-off versus Mark Scheifele in DETROIT Red Wings zone.
3:55 of 2nd period - Sidney Crosby is hit by Ryan Hartman.
4:00 of 2nd period - Minor Penalty to Ryan Nugent-Hopkins for Hooking.
4:01 of 2nd period - Brandon Sutter wins face-off versus Sidney Crosby in ARIZONA Coyotes zone.
4:01 of 2nd period - Brandon Sutter is hit by Bryan Rust.
4:41 of 2nd period - Shot by Bryan Rust.
4:41 of 2nd period - Shot Misses the Net.
4:54 of 2nd period - Rickard Rakell is hit by Josh Anderson and loses puck.
4:58 of 2nd period - Off-side.
4:59 of 2nd period - Frederick Gaudreau wins face-off versus Ryan O'Reilly in neutral zone.
5:28 of 2nd period - Ryan O'Reilly is hit by Rickard Rakell and loses puck.
5:39 of 2nd period - Colton Parayko is hit by Frederick Gaudreau and loses puck.
6:23 of 2nd period - Shot by Danton Heinen.
6:23 of 2nd period - Shot Misses the Net.
6:56 of 2nd period - Icing by Ryan Nugent-Hopkins.
6:57 of 2nd period - Mark Scheifele wins face-off versus Sidney Crosby in ARIZONA Coyotes zone.
6:57 of 2nd period - Roman Josi is hit by Sidney Crosby and loses puck.
7:09 of 2nd period - Off-side.
7:10 of 2nd period - Auston Matthews wins face-off versus Kevin Hayes in neutral zone.
8:29 of 2nd period - Frederick Gaudreau is hit by Colton Parayko and loses puck.
8:57 of 2nd period - Shot by Frederick Gaudreau.
8:57 of 2nd period - Shot Blocked by Zach Hyman.
8:59 of 2nd period - Shot by Scott Mayfield.
8:59 of 2nd period - Stopped by John Gibson without a rebound.
9:00 of 2nd period - Mark Scheifele wins face-off versus Ryan O'Reilly in DETROIT Red Wings zone.
9:21 of 2nd period - Shot by Ryan Nugent-Hopkins.
9:21 of 2nd period - Stopped by John Gibson with a rebound.
9:26 of 2nd period - Shayne Gostisbehere is hit by Ryan Nugent-Hopkins and loses puck.
9:33 of 2nd period - Shot by Alex Ovechkin.
9:33 of 2nd period - Stopped by Andrei Vasilevskiy without a rebound.
9:34 of 2nd period - Trevor Lewis wins face-off versus Brandon Sutter in ARIZONA Coyotes zone.
10:39 of 2nd period - Shot by Auston Matthews.
10:39 of 2nd period - Stopped by John Gibson without a rebound.
10:40 of 2nd period - Josh Anderson wins face-off versus Mark Scheifele in DETROIT Red Wings zone.
10:47 of 2nd period - Shot by Alex Ovechkin.
10:47 of 2nd period - Stopped by Andrei Vasilevskiy without a rebound.
10:48 of 2nd period - Sidney Crosby wins face-off versus Auston Matthews in ARIZONA Coyotes zone.
10:53 of 2nd period - Shot by Zach Hyman.
10:53 of 2nd period - Stopped by Andrei Vasilevskiy with a rebound.
10:55 of 2nd period - Shot by Colton Parayko.
10:55 of 2nd period - Shot Misses the Net.
11:02 of 2nd period - Bryan Rust is hit by Vladislav Gavrikov and loses puck.
11:15 of 2nd period - Auston Matthews is hit by Zach Hyman and loses puck.
11:30 of 2nd period - Shot by Seth Jones.
11:30 of 2nd period - Shot Misses the Net.
11:32 of 2nd period - Shot by Colton Parayko.
11:32 of 2nd period - Shot Misses the Net.
11:34 of 2nd period - Shot by Sidney Crosby.
11:34 of 2nd period - Stopped by Andrei Vasilevskiy with a rebound.
12:37 of 2nd period - Icing by Nikita Zadorov.
12:38 of 2nd period - Frederick Gaudreau wins face-off versus Ryan O'Reilly in DETROIT Red Wings zone.
12:39 of 2nd period - Shot by Rickard Rakell.
12:39 of 2nd period - Stopped by John Gibson without a rebound.
12:40 of 2nd period - Kevin Hayes wins face-off versus Frederick Gaudreau in DETROIT Red Wings zone.
13:04 of 2nd period - Minor Penalty to Travis Boyd for Tripping.
13:05 of 2nd period - Kevin Hayes wins face-off versus Auston Matthews in DETROIT Red Wings zone.
13:21 of 2nd period - Icing by Ryan Nugent-Hopkins.
13:22 of 2nd period - Kevin Hayes wins face-off versus Auston Matthews in ARIZONA Coyotes zone.
13:45 of 2nd period - Shot by Sam Reinhart.
13:45 of 2nd period - Stopped by John Gibson with a rebound.
14:29 of 2nd period - Shot by Mark Scheifele.
14:29 of 2nd period - Shot Misses the Net.
14:45 of 2nd period - Shot by Ryan Hartman.
14:45 of 2nd period - Shot Misses the Net.
15:02 of 2nd period - Off-side.
15:03 of 2nd period - Kevin Hayes wins face-off versus Auston Matthews in neutral zone.
15:18 of 2nd period - Shot by Pierre-Edouard Bellemare.
15:18 of 2nd period - Shot Blocked by Zach Hyman.
15:20 of 2nd period - Shot by Nick Bonino.
15:20 of 2nd period - Shot Blocked by Nikita Zadorov.
15:28 of 2nd period - Shot by Brandon Sutter.
15:28 of 2nd period - Stopped by John Gibson without a rebound.
15:29 of 2nd period - Rickard Rakell wins face-off versus Luke Glendening in DETROIT Red Wings zone.
17:06 of 2nd period - Minor Penalty to Ryan Hartman for Tripping.
17:07 of 2nd period - Brandon Sutter wins face-off versus Sidney Crosby in ARIZONA Coyotes zone.
17:34 of 2nd period - Shot by Zach Hyman.
17:34 of 2nd period - Goal by Zach Hyman - ARIZONA Coyotes : 3 - DETROIT Red Wings : 1.
17:35 of 2nd period - Kevin Hayes wins face-off versus Frederick Gaudreau in neutral zone.
17:42 of 2nd period - Shot by Shayne Gostisbehere.
17:42 of 2nd period - Stopped by Andrei Vasilevskiy with a rebound.
17:44 of 2nd period - Shot by Travis Boyd.
17:44 of 2nd period - Goal by Travis Boyd - ARIZONA Coyotes : 3 - DETROIT Red Wings : 2.
17:45 of 2nd period - Mark Scheifele wins face-off versus Alex Ovechkin in neutral zone.
17:56 of 2nd period - Shot by Ryan Hartman.
17:56 of 2nd period - Shot Blocked by Josh Anderson.
18:06 of 2nd period - Shot by Ryan O'Reilly.
18:06 of 2nd period - Stopped by Andrei Vasilevskiy without a rebound.
18:07 of 2nd period - Auston Matthews wins face-off versus Sidney Crosby in ARIZONA Coyotes zone.
18:14 of 2nd period - Shot by Auston Matthews.
18:14 of 2nd period - Deflect By Sam Reinhart.
18:14 of 2nd period - Shot Misses the Net.
18:30 of 2nd period - Shot by Bryan Rust.
18:30 of 2nd period - Shot Blocked by Sam Reinhart.
18:36 of 2nd period - Shot by Bryan Rust.
18:36 of 2nd period - Shot Misses the Net.
18:38 of 2nd period - Shot by Bryan Rust.
18:38 of 2nd period - Stopped by Andrei Vasilevskiy without a rebound.
18:39 of 2nd period - Mark Scheifele wins face-off versus Ryan O'Reilly in ARIZONA Coyotes zone.
19:49 of 2nd period - Shot by Auston Matthews.
19:49 of 2nd period - Stopped by John Gibson without a rebound.
19:50 of 2nd period - Frederick Gaudreau wins face-off versus Sidney Crosby in DETROIT Red Wings zone.
19:59 of 2nd period - Shot by Rickard Rakell.
19:59 of 2nd period - Shot Blocked by Zach Hyman.
Goals for this period are 2 for ARIZONA Coyotes vs 2 for DETROIT Red Wings.
Shots for this period are 13 for ARIZONA Coyotes vs 10 for DETROIT Red Wings.

3rd period


0:01 of 3rd period - Sidney Crosby wins face-off versus Auston Matthews in neutral zone.
0:40 of 3rd period - Icing by Seth Jones.
0:41 of 3rd period - Mark Scheifele wins face-off versus Sidney Crosby in DETROIT Red Wings zone.
0:47 of 3rd period - Minor Penalty to Colton Parayko for Hooking.
0:48 of 3rd period - Mark Scheifele wins face-off versus Kevin Hayes in DETROIT Red Wings zone.
0:55 of 3rd period - Shot by Mark Scheifele.
0:55 of 3rd period - Shot Misses the Net.
0:57 of 3rd period - Shot by Ryan Hartman.
0:57 of 3rd period - Shot Misses the Net.
0:59 of 3rd period - Shot by Roman Josi.
0:59 of 3rd period - Deflect By Rickard Rakell.
0:59 of 3rd period - Shot Misses the Net.
1:01 of 3rd period - Shot by Roman Josi.
1:01 of 3rd period - Stopped by John Gibson without a rebound.
1:02 of 3rd period - Auston Matthews wins face-off versus Kevin Hayes in DETROIT Red Wings zone.
1:09 of 3rd period - Shot by Artemi Panarin.
1:09 of 3rd period - Shot Hit the Post.
1:11 of 3rd period - Shot by Ryan Nugent-Hopkins.
1:11 of 3rd period - Stopped by John Gibson without a rebound.
1:12 of 3rd period - Kevin Hayes wins face-off versus Auston Matthews in DETROIT Red Wings zone.
2:15 of 3rd period - Shot by Ryan Hartman.
2:15 of 3rd period - Shot Misses the Net.
2:17 of 3rd period - Shot by Vladislav Gavrikov.
2:17 of 3rd period - Shot Blocked by Jeff Petry.
2:19 of 3rd period - Shot by Vladislav Gavrikov.
2:19 of 3rd period - Shot Misses the Net.
2:21 of 3rd period - Shot by Vladislav Gavrikov.
2:21 of 3rd period - Stopped by John Gibson without a rebound.
2:22 of 3rd period - Kevin Hayes wins face-off versus Rickard Rakell in DETROIT Red Wings zone.
2:28 of 3rd period - Icing by Mark Scheifele.
2:29 of 3rd period - Kevin Hayes wins face-off versus Mark Scheifele in ARIZONA Coyotes zone.
2:40 of 3rd period - Shot by Rickard Rakell.
2:40 of 3rd period - Deflect By Mark Scheifele.
2:40 of 3rd period - Shot Misses the Net.
2:42 of 3rd period - Shot by Rickard Rakell.
2:42 of 3rd period - Stopped by John Gibson without a rebound.
2:43 of 3rd period - Auston Matthews wins face-off versus Kevin Hayes in DETROIT Red Wings zone.
2:48 of 3rd period - Shot by Jonas Siegenthaler.
2:48 of 3rd period - Shot Misses the Net.
2:51 of 3rd period - Icing by Sidney Crosby.
2:52 of 3rd period - Sidney Crosby wins face-off versus Auston Matthews in DETROIT Red Wings zone.
3:05 of 3rd period - Shot by Zach Hyman.
3:05 of 3rd period - Deflect By Sidney Crosby.
3:05 of 3rd period - Shot Blocked by Auston Matthews.
3:07 of 3rd period - Shot by Sidney Crosby.
3:07 of 3rd period - Stopped by Andrei Vasilevskiy with a rebound.
3:09 of 3rd period - Shot by Seth Jones.
3:09 of 3rd period - Shot Misses the Net.
3:11 of 3rd period - Shot by Sidney Crosby.
3:11 of 3rd period - Shot Misses the Net.
3:17 of 3rd period - Shot by Zach Hyman.
3:17 of 3rd period - Shot Misses the Net.
3:19 of 3rd period - Shot by Sidney Crosby.
3:19 of 3rd period - Shot Misses the Net.
3:27 of 3rd period - Shot by Bryan Rust.
3:27 of 3rd period - Stopped by Andrei Vasilevskiy without a rebound.
3:28 of 3rd period - Josh Anderson wins face-off versus Mark Scheifele in ARIZONA Coyotes zone.
3:49 of 3rd period - Shot by Alex Ovechkin.
3:49 of 3rd period - Stopped by Andrei Vasilevskiy without a rebound.
3:50 of 3rd period - Kevin Hayes wins face-off versus Frederick Gaudreau in ARIZONA Coyotes zone.
3:51 of 3rd period - Shot by Corey Perry.
3:51 of 3rd period - Goal by Corey Perry - ARIZONA Coyotes : 3 - DETROIT Red Wings : 3.
3:52 of 3rd period - Auston Matthews wins face-off versus Sidney Crosby in neutral zone.
3:54 of 3rd period - Roman Josi is hit by Bryan Rust and loses puck.
4:11 of 3rd period - Shot by Bryan Rust.
4:11 of 3rd period - Shot Misses the Net.
4:24 of 3rd period - Sidney Crosby is hit by Vladislav Gavrikov and loses puck.
4:38 of 3rd period - Icing by Vladislav Gavrikov.
4:39 of 3rd period - Ryan O'Reilly wins face-off versus Auston Matthews in ARIZONA Coyotes zone.
4:45 of 3rd period - Minor Penalty to Alex Ovechkin for Roughing.
4:46 of 3rd period - Kevin Hayes wins face-off versus Mark Scheifele in DETROIT Red Wings zone.
5:05 of 3rd period - Kevin Hayes is hit by Rickard Rakell and loses puck.
5:50 of 3rd period - Shot by Auston Matthews.
5:50 of 3rd period - Deflect By Sam Reinhart.
5:50 of 3rd period - Shot Blocked by Seth Jones.
5:52 of 3rd period - Shot by Vladislav Gavrikov.
5:52 of 3rd period - Goal by Vladislav Gavrikov - ARIZONA Coyotes : 4 - DETROIT Red Wings : 3.
5:53 of 3rd period - Brandon Sutter wins face-off versus Sidney Crosby in neutral zone.
6:03 of 3rd period - Icing by Colton Parayko.
6:04 of 3rd period - Brandon Sutter wins face-off versus Bryan Rust in DETROIT Red Wings zone.
6:19 of 3rd period - Shot by Pierre-Edouard Bellemare.
6:19 of 3rd period - Stopped by John Gibson without a rebound.
6:20 of 3rd period - Auston Matthews wins face-off versus Ryan O'Reilly in DETROIT Red Wings zone.
6:23 of 3rd period - Shot by Auston Matthews.
6:23 of 3rd period - Stopped by John Gibson without a rebound.
6:24 of 3rd period - Ryan O'Reilly wins face-off versus Auston Matthews in DETROIT Red Wings zone.
6:26 of 3rd period - Josh Anderson is hit by Auston Matthews and loses puck.
6:56 of 3rd period - Josh Anderson is hit by Alec Martinez and loses puck.
7:01 of 3rd period - Shot by Ryan O'Reilly.
7:01 of 3rd period - Shot Misses the Net.
7:03 of 3rd period - Shot by Shayne Gostisbehere.
7:03 of 3rd period - Stopped by Andrei Vasilevskiy without a rebound.
7:04 of 3rd period - Mark Scheifele wins face-off versus Sidney Crosby in ARIZONA Coyotes zone.
7:32 of 3rd period - Mark Scheifele is hit by T.J. Brodie and loses puck.
8:03 of 3rd period - Frederick Gaudreau is hit by Sidney Crosby and loses puck.
8:19 of 3rd period - Icing by Scott Mayfield.
8:20 of 3rd period - Frederick Gaudreau wins face-off versus Kevin Hayes in ARIZONA Coyotes zone.
9:00 of 3rd period - Seth Jones is hit by Michael Bunting and loses puck.
9:17 of 3rd period - Jonas Siegenthaler is hit by Corey Perry and loses puck.
9:37 of 3rd period - Shot by Alex Ovechkin.
9:37 of 3rd period - Stopped by Andrei Vasilevskiy with a rebound.
9:39 of 3rd period - Shot by Alex Ovechkin.
9:39 of 3rd period - Shot Misses the Net.
9:41 of 3rd period - Shot by Josh Anderson.
9:41 of 3rd period - Shot Blocked by Jonas Siegenthaler.
9:43 of 3rd period - Shot by Shayne Gostisbehere.
9:43 of 3rd period - Shot Misses the Net.
9:45 of 3rd period - Shot by Shayne Gostisbehere.
9:45 of 3rd period - Stopped by Andrei Vasilevskiy without a rebound.
9:46 of 3rd period - Sidney Crosby wins face-off versus Mark Scheifele in ARIZONA Coyotes zone.
10:13 of 3rd period - Shot by Ryan Nugent-Hopkins.
10:13 of 3rd period - Stopped by John Gibson with a rebound.
10:15 of 3rd period - Shot by Ryan Nugent-Hopkins.
10:15 of 3rd period - Shot Misses the Net.
11:10 of 3rd period - Alex Ovechkin is hit by Ryan Hartman and loses puck.
12:02 of 3rd period - Shot by Kevin Hayes.
12:02 of 3rd period - Deflect By Travis Boyd.
12:02 of 3rd period - Stopped by Andrei Vasilevskiy without a rebound.
12:03 of 3rd period - Frederick Gaudreau wins face-off versus Danton Heinen in ARIZONA Coyotes zone.
12:22 of 3rd period - Shot by Luke Glendening.
12:22 of 3rd period - Shot Misses the Net.
12:24 of 3rd period - Shot by Trevor Lewis.
12:24 of 3rd period - Stopped by Andrei Vasilevskiy without a rebound.
12:25 of 3rd period - Sidney Crosby wins face-off versus Nick Bonino in ARIZONA Coyotes zone.
12:32 of 3rd period - Shot by Nick Bonino.
12:32 of 3rd period - Shot Misses the Net.
14:48 of 3rd period - Icing by Vladislav Gavrikov.
14:49 of 3rd period - Danton Heinen wins face-off versus Mark Scheifele in ARIZONA Coyotes zone.
15:23 of 3rd period - T.J. Brodie is hit by Vladislav Gavrikov and loses puck.
15:44 of 3rd period - Shot by Zach Hyman.
15:44 of 3rd period - Stopped by Andrei Vasilevskiy without a rebound.
15:44 of 3rd period - Minor Penalty to Andrei Vasilevskiy for Slashing.
15:45 of 3rd period - Sidney Crosby wins face-off versus Brandon Sutter in ARIZONA Coyotes zone.
16:16 of 3rd period - Shot by Sidney Crosby.
16:16 of 3rd period - Shot Misses the Net.
16:18 of 3rd period - Shot by Seth Jones.
16:18 of 3rd period - Shot Blocked by Jonas Siegenthaler.
16:30 of 3rd period - Shot by Sidney Crosby.
16:30 of 3rd period - Shot Misses the Net.
17:04 of 3rd period - Shot by Jeff Petry.
17:04 of 3rd period - Stopped by Andrei Vasilevskiy without a rebound.
17:05 of 3rd period - Ryan O'Reilly wins face-off versus Brandon Sutter in ARIZONA Coyotes zone.
17:08 of 3rd period - Shot by Colton Parayko.
17:08 of 3rd period - Stopped by Andrei Vasilevskiy without a rebound.
17:09 of 3rd period - Brandon Sutter wins face-off versus Zach Hyman in ARIZONA Coyotes zone.
17:28 of 3rd period - Shot by Sidney Crosby.
17:28 of 3rd period - Shot Misses the Net.
17:30 of 3rd period - Shot by Zach Hyman.
17:30 of 3rd period - Shot Misses the Net.
17:32 of 3rd period - Shot by Bryan Rust.
17:32 of 3rd period - Shot Blocked by Ryan Nugent-Hopkins.
17:34 of 3rd period - Shot by Sidney Crosby.
17:34 of 3rd period - Goal by Sidney Crosby - ARIZONA Coyotes : 4 - DETROIT Red Wings : 4.
17:35 of 3rd period - Auston Matthews wins face-off versus Ryan O'Reilly in neutral zone.
18:09 of 3rd period - Alex Ovechkin is hit by Roman Josi and loses puck.
18:18 of 3rd period - Shot by Ryan O'Reilly.
18:18 of 3rd period - Shot Misses the Net.
18:52 of 3rd period - Shot by Rickard Rakell.
18:52 of 3rd period - Stopped by John Gibson without a rebound.
18:53 of 3rd period - Mark Scheifele wins face-off versus Bryan Rust in DETROIT Red Wings zone.
19:10 of 3rd period - Shot by Sidney Crosby.
19:10 of 3rd period - Shot Misses the Net.
19:30 of 3rd period - Shot by Zach Hyman.
19:30 of 3rd period - Shot Misses the Net.
19:32 of 3rd period - Shot by Zach Hyman.
19:32 of 3rd period - Stopped by Andrei Vasilevskiy without a rebound.
19:33 of 3rd period - Alex Ovechkin wins face-off versus Rickard Rakell in ARIZONA Coyotes zone.
19:42 of 3rd period - Shot by Alex Ovechkin.
19:42 of 3rd period - Shot Misses the Net.
19:52 of 3rd period - Shot by Alex Ovechkin.
19:52 of 3rd period - Shot Misses the Net.
19:56 of 3rd period - Shot by Alex Ovechkin.
19:56 of 3rd period - Shot Misses the Net.
19:58 of 3rd period - Shot by Nikita Zadorov.
19:58 of 3rd period - Stopped by Andrei Vasilevskiy without a rebound.
19:59 of 3rd period - Kevin Hayes wins face-off versus Sam Reinhart in ARIZONA Coyotes zone.
Goals for this period are 1 for ARIZONA Coyotes vs 2 for DETROIT Red Wings.
Shots for this period are 9 for ARIZONA Coyotes vs 15 for DETROIT Red Wings.

Overtime #1


0:01 of 1st overtime period - Luke Glendening wins face-off versus Auston Matthews in neutral zone.
0:16 of 1st overtime period - Shot by Alex Ovechkin.
0:16 of 1st overtime period - Shot Blocked by Scott Mayfield.
0:28 of 1st overtime period - Shot by Rickard Rakell.
0:28 of 1st overtime period - Shot Blocked by Nikita Zadorov.
1:18 of 1st overtime period - Shot by Alec Martinez.
1:18 of 1st overtime period - Shot Misses the Net.
1:22 of 1st overtime period - Shot by Artemi Panarin.
1:22 of 1st overtime period - Shot Hit the Post.
1:24 of 1st overtime period - Shot by Pierre-Edouard Bellemare.
1:24 of 1st overtime period - Stopped by John Gibson without a rebound.
1:25 of 1st overtime period - Sidney Crosby wins face-off versus Auston Matthews in DETROIT Red Wings zone.
1:36 of 1st overtime period - Shot by Sidney Crosby.
1:36 of 1st overtime period - Deflect By Danton Heinen.
1:36 of 1st overtime period - Stopped by Andrei Vasilevskiy without a rebound.
1:37 of 1st overtime period - Luke Glendening wins face-off versus Auston Matthews in ARIZONA Coyotes zone.
1:48 of 1st overtime period - Shot by Scott Mayfield.
1:48 of 1st overtime period - Stopped by John Gibson without a rebound.
1:49 of 1st overtime period - Luke Glendening wins face-off versus Auston Matthews in DETROIT Red Wings zone.
2:41 of 1st overtime period - Shot by Sidney Crosby.
2:41 of 1st overtime period - Shot Misses the Net.
3:03 of 1st overtime period - Shot by Sidney Crosby.
3:03 of 1st overtime period - Shot Misses the Net.
4:01 of 1st overtime period - Icing by Alec Martinez.
4:02 of 1st overtime period - Pierre-Edouard Bellemare wins face-off versus Sidney Crosby in ARIZONA Coyotes zone.
Goals for this period are 0 for ARIZONA Coyotes vs 0 for DETROIT Red Wings.
Shots for this period are 2 for ARIZONA Coyotes vs 1 for DETROIT Red Wings.

ShootOut


5:00 of 1st overtime period - Round #1.
5:00 of 1st overtime period - ARIZONA Coyotes, Auston Matthews.
5:00 of 1st overtime period - Stopped by John Gibson.
5:00 of 1st overtime period - DETROIT Red Wings, Sidney Crosby.
5:00 of 1st overtime period - Stopped by Andrei Vasilevskiy.
5:00 of 1st overtime period - Round #2.
5:00 of 1st overtime period - ARIZONA Coyotes, Ryan Nugent-Hopkins.
5:00 of 1st overtime period - Shot Misses the Net.
5:00 of 1st overtime period - DETROIT Red Wings, Alex Ovechkin.
5:00 of 1st overtime period - Shot Misses the Net.
5:00 of 1st overtime period - Round #3.
5:00 of 1st overtime period - ARIZONA Coyotes, Mark Scheifele.
5:00 of 1st overtime period - Goal by Mark Scheifele.
5:00 of 1st overtime period - DETROIT Red Wings, Zach Hyman.
5:00 of 1st overtime period - Stopped by Andrei Vasilevskiy. Output by the SimonT Hockey Simulator (STHS) for Martin Benoit - Original Page W3C HTML5 Valid
Hockey Simulator - Hockey Simulation - Hockey Manager